 Dungeon Crawl Stone Soup version 0.18.1-50-g88ac8fd (webtiles) character file.

18966 Chiseanne the Unseen (level 12, 0/93 HPs)
             Began as a Spriggan Assassin on Apr 4, 2017.
             Was an Initiate of Gozag.
             Slain by a vampire mosquito (6 damage)
             ... on level 12 of the Dungeon.
             The game lasted 01:00:34 (16860 turns).

Chiseanne the Unseen (Spriggan Assassin)           Turns: 16860, Time: 01:00:34

Health: 0/93       AC: 27    Str:  8    XL:     12   Next: 32%
Magic:  21/21      EV:  4    Int: 15    God:    Gozag
Gold:   583        SH:  0    Dex: 22    Spells: 0 memorised, 11 levels left

rFire  . . .     SeeInvis +     a - +4 dagger
rCold  . . .     Gourm    .     (armour currently unavailable)
rNeg   + + +     Faith    .     (shield restricted)
rPois  +         Spirit   .     (helmet currently unavailable)
rElec  .         Dismiss  +     (cloak currently unavailable)
rCorr  .         Reflect  .     (gloves unavailable)
SustAt .         Harm     .     (boots unavailable)
MR     ++...     NoTele   +     r - amulet of dismissal
Stlth  ++++++++++               d - ring of the Octopus King {rN+ AC+1 EV+1 Str+1 Int+1 Dex+1}
                                x - +2 ring of slaying

@: tree-form, gold aura, very resistant to hostile enchantments, uncannily
stealthy
A: unfitting armour, see invisible, herbivore 3, (speed 0), slow metabolism 2
a: Potion Petition, Call Merchant, Bribe Branch, Renounce Religion


You were on level 12 of the Dungeon.
You worshipped Gozag.
Gozag was noncommittal.
You were completely stuffed.
You were a tree.
You visited 2 branches of the dungeon, and saw 13 of its levels.
You also visited: Ossuary and Bailey.

You collected 3006 gold pieces.
You spent 1255 gold pieces at shops.
You paid 1168 gold pieces to Gozag.

Inventory:

Hand Weapons
 a - a +4 dagger (weapon)
 s - a +1 whip of electrocution
 w - a +0 blowgun
Missiles
 e - 25 poisoned needles
 f - 2 curare-tipped needles {!*}
 h - 425 stones (quivered)
 l - 8 needles of confusion
 o - 53 bolts
 p - 108 sling bullets
 u - 2 tomahawks
 v - 298 arrows
 y - 4 throwing nets {!*}
 P - 31 tomahawks of returning
Armour
 b - a cursed -2 robe (melded)
 c - a +2 hat (melded)
 R - the +1 ratskin cloak (melded) {rPois rN+ Int-1 Dex-1}
   (You bought it in a shop on level 9 of the Dungeon)

   It affects your intelligence (-1).
   It affects your dexterity (-1).
   It protects you from poison.
   It protects you from negative energy.
 S - a +2 robe of magic resistance
Magical Staves
 E - an uncursed staff of power
Jewellery
 d - a ring of the Octopus King (right branch) {rN+ AC+1 EV+1 Str+1 Int+1 Dex+1}
   (You bought it in a shop on level 5 of the Dungeon)

   [ring of positive energy]

   It affects your AC (+1).
   It affects your evasion (+1).
   It affects your strength (+1).
   It affects your intelligence (+1).
   It affects your dexterity (+1).
   It protects you from negative energy.
 r - an amulet of dismissal (around neck)
 x - a +2 ring of slaying (left branch)
Wands
 q - a wand of confusion (0/48)
 z - a wand of hasting (3/9)
 H - a wand of paralysis (0/24)
Scrolls
 m - 3 scrolls of teleportation
 C - 4 scrolls of immolation
 D - 3 scrolls of magic mapping
 M - 2 scrolls of amnesia
 N - 3 scrolls of fog
Potions
 i - a potion of haste
 k - 3 potions of brilliance
 n - a potion of magic
 A - 6 potions of curing
 G - a potion of cancellation
 J - a potion of berserk rage
 O - a potion of ambrosia {unknown}
Books
 j - a book of Beasts

   Spells                             Type                      Level
   a - Summon Butterflies             Summoning                    1
   b - Call Canine Familiar           Summoning                    3
   c - Summon Ice Beast               Ice/Summoning                4
   d - Summon Mana Viper              Hexes/Summoning              5
   e - Summon Hydra                   Summoning                    7
 t - a book of Callings

   Spells                             Type                      Level
   a - Summon Small Mammal            Summoning                    1
   b - Call Imp                       Summoning                    2
   c - Call Canine Familiar           Summoning                    3
   d - Summon Guardian Golem          Hexes/Summoning              3
   e - Summon Lightning Spire         Summoning/Air                4
   f - Summon Ice Beast               Ice/Summoning                4
 I - a Grand Grimoire

   Spells                             Type                      Level
   a - Monstrous Menagerie            Summoning                    7
   b - Summon Greater Demon           Summoning                    7
   c - Malign Gateway                 Summoning/Translocation      7
   d - Summon Horrible Things         Summoning                    8
 K - a book of the Sky

   Spells                             Type                      Level
   a - Summon Lightning Spire         Summoning/Air                4
   b - Airstrike                      Air                          4
   c - Silence                        Hexes/Air                    5
   d - Deflect Missiles               Charms/Air                   6
   e - Conjure Ball Lightning         Conjuration/Air              6
   f - Tornado                        Air                          9
Miscellaneous
 Q - a phantom mirror
Comestibles
 g - 6 bread rations
 F - 6 fruits


   Skills:
 - Level 6.6 Fighting
 - Level 2.1 Short Blades
 * Level 5.5 Throwing
 * Level 12.7 Dodging
 * Level 20.8 Stealth
 * Level 10.8 Evocations


You had 11 spell levels left.
You didn't know any spells.

Dungeon Overview and Level Annotations

Branches:
Dungeon (12/15)            Temple (1/1) D:6            Lair (0/8) D:9
    Orc (0/2) D:11

Altars:
Ashenzari
Cheibriados
Dithmenos
Elyvilon
Fedhas
Gozag
Kikubaaqudgha
Makhleb
Nemelex Xobeh
Okawaru
Pakellas
Qazlal
Ru
Sif Muna
Trog
Vehumet
Xom
Yredelemnul
Zin
The Shining One

Shops:
D:5 =*}}   D:7 *   D:9 [   D:11 [

Annotations:
D:7 1 runed door


Innate Abilities, Weirdness & Mutations

You are tiny and cannot use many weapons and most armour.
You have supernaturally acute eyesight.
You are a herbivore.
((You cover ground extremely quickly.))
You need consume almost no food.


Message History

The vampire mosquito is almost destroyed.
The vampire mosquito bites you but does no damage.
You hit the vampire mosquito.
You destroy the vampire mosquito!
The vampire mosquito bites you!
* * * LOW HITPOINT WARNING * * *
You puncture the vampire mosquito!
The vampire mosquito is moderately damaged.
The vampire mosquito bites you!
* * * LOW HITPOINT WARNING * * *
You puncture the vampire mosquito!
The vampire mosquito is heavily damaged.
The vampire mosquito barely misses you. x2
You hit the vampire mosquito.
The vampire mosquito is severely damaged.
The vampire mosquito bites you.
* * * LOW HITPOINT WARNING * * *
The vampire mosquito bites you.
You die...
Your body crumbles into a pile of gold.

#.# #.##
#.# #...
#.# ####
#.# #.#
##########
#.#
#.........
#.#
#.########
#y# #.#
#♣#######.#
#.........#
#########.#
###


You could see a vampire mosquito.

Vanquished Creatures
  Gastronok (D:9)
  Snorg (D:12)
  2 centaur warriors
  An unseen horror (D:11)
  2 hill giants
  Pikel (D:7)
  A manticore (D:12)
  2 deep elf magi (D:12)
  Maurice (D:12)
  A gargoyle (D:10)
  Joseph (D:8)
  A tengu conjurer (D:10)
  A troll (D:10)
  Prince Ribbit (D:8)
  A wraith (D:11)
  A fire elemental (D:12)
  8 yaks
  Grum (D:8)
  Menkaure (D:7)
  4 hungry ghosts
  Edmund (D:6)
  A vampire mosquito (D:12)
  A water moccasin (D:10)
  Duvessa (D:5)
  4 orc warriors
  2 sky beasts
  4 ice beasts (D:11)
  5 black bears
  3 ogres
  3 wolves (D:8)
  4 centaurs
  A phantom (D:11)
  A big kobold (D:8)
  An elf zombie (D:6)
  7 giant frogs
  An elf skeleton (D:6)
  Dowan (D:5)
  9 scorpions
  3 troll zombies (D:11)
  5 killer bees
  3 wights (D:7)
  2 howler monkeys
  6 crimson imps
  2 giant frog zombies
  A jelly (D:12)
  2 centaur zombies
  A human zombie (D:6)
  7 orc priests
  3 hounds
  A gnoll shaman (D:5)
  3 centaur skeletons
  Ijyb (D:2)
  4 iguanas
  7 orc wizards
  A human skeleton (D:6)
  16 worker ants
  Natasha (thrice) (D:2)
  3 big kobold zombies (Ossuary)
  3 ogre zombies (D:11)
  3 hound zombies (Ossuary)
  A hound skeleton (D:5)
  3 mummies (Ossuary)
  Robin (D:4)
  20 gnolls
  11 adders
  2 shadow imps (D:8)
  An ooze (D:3)
  5 adder zombies
  An adder skeleton (D:9)
  2 worms
  A dart slug (D:4)
  10 giant geckos
  39 orcs
  6 giant cockroaches
  24 goblins
  10 hobgoblins
  9 jackals
  22 kobolds
  6 quokkas
  4 ball pythons
  12 bats
  5 giant newts
  3 gnoll zombies (Ossuary)
  3 goblin skeletons (D:11)
  10 goblin zombies
  A hobgoblin skeleton (D:11)
  3 hobgoblin zombies
  2 jackal zombies (Ossuary)
  3 kobold zombies (Ossuary)
  2 orc skeletons (D:6)
  11 orc zombies
  A quokka skeleton (D:4)
  3 quokka zombies (Ossuary)
  6 rats
  3 rat zombies (Ossuary)
  5 butterflies (D:7)
414 creatures vanquished.

Vanquished Creatures (others)
  A slave (D:7)
  A wyvern skeleton (D:7)
  An orc (D:7)
  A giant cockroach (D:7)
  A quokka (D:4)
5 creatures vanquished.

Grand Total: 419 creatures vanquished

Notes
Turn   | Place    | Note
--------------------------------------------------------------
     0 | D:1      | Chiseanne the Spriggan Assassin began the quest for the Orb.
     0 | D:1      | Reached XP level 1. HP: 10/10 MP: 2/2
   120 | D:1      | Reached skill level 6 in Stealth
   200 | D:1      | Reached XP level 2. HP: 14/14 MP: 3/3
   835 | D:2      | Reached XP level 3. HP: 8/18 MP: 4/4
  1182 | D:2      | Noticed Natasha
  1189 | D:2      | Killed Natasha
  1352 | D:2      | Noticed Natasha
  1373 | D:2      | Killed Natasha
  1373 | D:2      | Reached XP level 4. HP: 11/23 MP: 5/5
  1782 | D:2      | Found a blossoming altar of Fedhas.
  1782 | D:2      | Found a sparkling altar of Nemelex Xobeh.
  1782 | D:2      | Found a burning altar of Makhleb.
  1952 | D:2      | Noticed Ijyb
  1956 | D:2      | Killed Ijyb
  1956 | D:2      | Reached skill level 7 in Stealth
  2050 | D:2      | Noticed Natasha
  2066 | D:2      | Killed Natasha
  2066 | D:2      | Reached XP level 5. HP: 16/27 MP: 6/6
  3168 | D:3      | Reached skill level 5 in Dodging
  3508 | D:4      | Reached XP level 6. HP: 20/32 MP: 7/7
  3682 | D:4      | Noticed Robin
  3687 | D:4      | Killed Robin
  3713 | D:4      | Reached skill level 8 in Stealth
  3871 | D:4      | Reached skill level 1 in Evocations
  4058 | D:4      | Found a burning altar of Makhleb.
  4321 | D:4      | Reached XP level 7. HP: 36/36 MP: 9/9
  4388 | D:4      | Found a white marble altar of Elyvilon.
  5078 | D:5      | Entered Level 5 of the Dungeon
  5078 | D:5      | Found Koextaji's Jewellery Shoppe.
  5166 | D:4      | Reached skill level 9 in Stealth
  5384 | D:5      | Noticed Duvessa
  5386 | D:5      | Found Katodeh's Gadget Boutique.
  5411 | D:5      | Killed Duvessa
  5515 | D:5      | Noticed Dowan
  5540 | D:5      | Killed Dowan
  5540 | D:5      | Reached XP level 8. HP: 22/42 MP: 12/12
  6345 | D:4      | Reached skill level 5 in Evocations
  6578 | D:5      | Reached skill level 10 in Stealth
  6637 | D:5      | Found Bihikk's General Store.
  6646 | D:5      | Reached skill level 18 in Stealth
  6646 | D:5      | Reached XP level 9. HP: 46/46 MP: 13/13
  6655 | D:5      | Bought a potion of degeneration for 11 gold pieces
  6655 | D:5      | Bought a scroll of magic mapping for 38 gold pieces
  6655 | D:5      | Bought a scroll of identify for 22 gold pieces
  6824 | D:5      | Found Xewooneff's Gadget Shop.
  7323 | D:6      | Reached skill level 19 in Stealth
  7457 | D:6      | Found a blossoming altar of Fedhas.
  7612 | D:6      | Found a sand-covered staircase.
  7617 | Ossuary  | Entered an ossuary
  8521 | D:6      | Reached skill level 5 in Fighting
  8832 | D:6      | Found a staircase to the Ecumenical Temple.
  8833 | D:6      | Noticed Edmund
  8852 | D:6      | Killed Edmund
  8870 | Temple   | Entered the Ecumenical Temple
  9089 | Temple   | Became a worshipper of Gozag Ym Sagoz the Greedy
  9154 | D:7      | Found a stormy altar of Qazlal.
  9205 | D:7      | Noticed Pikel
  9219 | D:7      | Killed Pikel
  9219 | D:7      | Reached XP level 10. HP: 49/51 MP: 15/15
  9229 | D:7      | Found Gaocwad's Assorted Antiques.
  9273 | D:7      | Noticed Menkaure
  9278 | D:7      | Killed Menkaure
  9389 | D:7      | Found a runed door.
  9438 | D:7      | Found a runed door.
  9457 | D:7      | Found a glowing silver altar of Zin.
  9463 | D:7      | Noticed an angel
  9466 | D:7      | Found a shimmering altar of Xom.
 10271 | D:8      | Noticed Prince Ribbit
 10275 | D:8      | Killed Prince Ribbit
 10366 | D:8      | Found a deep blue altar of Sif Muna.
 10379 | D:8      | Noticed Joseph
 10403 | D:8      | Killed Joseph
 10721 | D:8      | Noticed Grum
 10819 | D:8      | Killed Grum
 11588 | D:9      | Noticed Gastronok
 11598 | D:9      | Killed Gastronok
 11598 | D:9      | Reached skill level 10 in Dodging
 11598 | D:9      | Reached XP level 11. HP: 56/56 MP: 16/18
 11669 | D:9      | Found a staircase to the Lair.
 11678 | D:9      | Found an ancient bone altar of Kikubaaqudgha.
 11771 | D:9      | Found a flagged portal.
 11794 | Bailey   | Entered a bailey
 12074 | Bailey   | Found a burning altar of Makhleb.
 12341 | D:9      | Bought the +1 ratskin cloak {rPois rN+ Int-1 Dex-1} for 621 gold pieces
 12341 | D:9      | Bought a glowing robe for 21 gold pieces
 12597 | D:9      | Noticed a centaur warrior
 12615 | D:9      | Killed a centaur warrior
 12698 | D:9      | Reached skill level 20 in Stealth
 12790 | D:5      | Bought a ring of the Octopus King {rN+ AC+1 EV+1 Str+1 Int+1 Dex+1} for 542 gold pieces
 12960 | D:9      | Found a snail-covered altar of Cheibriados.
 13062 | D:10     | Entered Level 10 of the Dungeon
 13125 | D:10     | Noticed a centaur warrior
 13142 | D:10     | Killed a centaur warrior
 13960 | D:11     | Found a staircase to the Orcish Mines.
 14031 | D:11     | Noticed a hill giant
 14037 | D:11     | Killed a hill giant
 14933 | D:11     | Noticed an unseen horror
 14947 | D:11     | Killed an unseen horror
 15058 | D:11     | Found an oddly glowing altar of Pakellas.
 15416 | D:11     | Reached skill level 10 in Evocations
 15945 | D:12     | Noticed a deep elf mage
 15950 | D:12     | Killed a deep elf mage
 15950 | D:12     | Reached XP level 12. HP: 62/62 MP: 20/20
 15973 | D:12     | Noticed Snorg
 15976 | D:12     | Killed Snorg
 16053 | D:12     | Reached skill level 5 in Throwing
 16054 | D:12     | Noticed Maurice
 16145 | D:12     | Killed Maurice
 16860 | D:12     | Slain by a vampire mosquito

Skill      XL: |  1  2  3  4  5  6  7  8  9 10 11 12 |
---------------+-------------------------------------+-----
Dodging        | 2 3 4 5 7 8 10 12 | 12.7
Stealth        | 6 7 8 9 18 19 20 | 20.8
Fighting       | 2 3 4 5 6 |  6.6
Evocations     | 2 4 5 6 8 10 | 10.8
Throwing       | 4 5 |  5.5
Short Blades   | |  2.1

Action                   |  1- 3 |  4- 6 |  7- 9 | 10-12 || total
-------------------------+-------+-------+-------+-------++-------
Melee: Dagger            |    75 |   174 |   320 |   630 ||  1199
 Fire: Blowgun           |    16 |    89 |   181 |   160 ||   446
Throw: Stone             |       |       |     3 |     6 ||     9
Invok: Call Merchant     |       |       |       |     2 ||     2
Evoke: Wand              |       |       |    11 |    56 ||    67
  Use: Scroll            |     8 |     9 |     9 |     7 ||    33
       Potion            |       |       |     1 |    11 ||    12
 Stab: Sleeping          |    10 |     9 |    28 |    56 ||   103
       Distracted        |     1 |     1 |     3 |    10 ||    15
       Confused          |       |       |     4 |    13 ||    17
       Paralysed         |       |       |       |     9 ||     9
  Eat: Fruit             |       |     4 |       |    18 ||    22
       Pizza             |       |     1 |       |       ||     1
       Bread ration      |       |       |       |     1 ||     1
Armor: Robe              |    19 |    16 |    25 |    21 ||    81
       Skin              |       |       |       |    64 ||    64
       Animal skin       |       |       |       |     6 ||     6
Dodge: Dodged            |    94 |   169 |   309 |   551 ||  1123
